SR
ELLESMERE ISLAND SNOWPEOPLE @ MONTGOMERY BISCUITS
07/28/2042
 
TOP OF THE 1ST
Ellesmere Island Snowpeople batting - Pitching for Montgomery Biscuits : RHP Randy Smith
Pitching: RHP Randy Smith
Batting: RHB Red Greene 0-0: Swinging Strike
0-1: Ball
1-1: Swinging Strike
1-2: Strikes out swinging
Batting: SHB Clive Edney 0-0: Called Strike
0-1: Called Strike
0-2: Ball
1-2: Foul Ball, location: 2F
1-2: SINGLE (Line Drive, 56, EV 100.0 MPH)
Batting: RHB Donald White 0-0: Ball
1-0: Ball
2-0: Called Strike
2-1: Ball
3-1: Called Strike
3-2: Reached on error, E6 (Groundball, 6, EV 104.4 MPH)
Clive Edney to third
Batting: RHB Ramón Rodríguez 0-0: Swinging Strike
0-1: Swinging Strike
0-2: Ball
1-2: Strikes out swinging
Batting: LHB James Moya 0-0: Ball
1-0: Ball
2-0: Ball
3-0: Called Strike
3-1: Base on Balls
Batting: RHB Ron Jackson 0-0: Swinging Strike
0-1: Called Strike
0-2: SINGLE (Groundball, 56S, EV 71.2 MPH) (infield hit)
Clive Edney scores
Donald White to third
James Moya to second
Batting: RHB Frank Steeneveld 0-0: Ball
1-0: Foul Ball, location: 2F
1-1: Ball
2-1: Swinging Strike
2-2: Foul Ball, location: 2F
2-2: Strikes out swinging
Top of the 1st over - 1 run, 2 hits, 1 error, 3 left on base; Ellesmere Island 1 - Montgomery 0
BOTTOM OF THE 1ST
Montgomery Biscuits batting - Pitching for Ellesmere Island Snowpeople : RHP Ki-seop Ch'oe
Pitching: RHP Ki-seop Ch'oe
Batting: RHB Albert Monday 0-0: Ball
1-0: Ball
2-0: Ball
3-0: Called Strike
3-1: Foul Ball, location: 2F
3-2: Foul Ball, location: 2F
3-2: Foul Ball, location: 2F
3-2: Ground out 6-3 (Groundball, 6, EV 83.1 MPH)
Batting: RHB Bob Clark 0-0: Foul Ball, location: 2F
0-1: SOLO HOME RUN (Flyball, 8RXD, EV 100.6 MPH), Distance : 441 ft
Batting: RHB Jae-keol Om 0-0: Ball
1-0: Ground out 6-3 (Groundball, 6, EV 98.1 MPH)
Batting: LHB Juan Martínez 0-0: Called Strike
0-1: Swinging Strike
0-2: Ball
1-2: Ball
2-2: Foul Ball, location: 2F
2-2: Ball
3-2: Strikes out swinging
Bottom of the 1st over - 1 run, 1 hit, 0 errors, 0 left on base; Ellesmere Island 1 - Montgomery 1
TOP OF THE 2ND
Ellesmere Island Snowpeople batting - Pitching for Montgomery Biscuits : RHP Randy Smith
Batting: RHB Ramón Rodríguez 0-0: Ball
1-0: SINGLE (Groundball, 6MD, EV 106.9 MPH)
Batting: RHB Howard Moore 0-0: Called Strike
0-1: Foul Ball, location: 2F
0-2: Foul Ball, location: 2F
0-2: Ball
1-2: Strikes out swinging
Batting: RHB Red Greene 0-0: Ball
1-0: Called Strike
1-1: Foul Ball, location: 2F
1-2: Ball
2-2: Strikes out swinging
Batting: SHB Clive Edney 0-0: Ball
1-0: Called Strike
1-1: Ground out 1-3 (Groundball, P, EV 66.9 MPH)
Top of the 2nd over - 0 runs, 1 hit, 0 errors, 1 left on base; Ellesmere Island 1 - Montgomery 1
BOTTOM OF THE 2ND
Montgomery Biscuits batting - Pitching for Ellesmere Island Snowpeople : RHP Ki-seop Ch'oe
Batting: RHB José Labandeira 0-0: SINGLE (Groundball, 56D, EV 95.6 MPH)
Batting: RHB Chad Holland 0-0: Ball
1-0: Ball
2-0: Called Strike
2-1: SINGLE (Line Drive, 56D, EV 98.1 MPH)
José Labandeira to second
Batting: LHB Jacob Hall 0-0: Swinging Strike
0-1: Ball
1-1: Foul Ball, location: 2F
1-2: Strikes out swinging
Batting: RHB Michael Hawk 0-0: Ball
1-0: Ball
2-0: Ball
3-0: Called Strike
3-1: Base on Balls
José Labandeira to third
Chad Holland to second
Batting: RHB Christian Karembeu 0-0: Called Strike
0-1: Ball
1-1: Foul Ball, location: 2F
1-2: Ball
2-2: SINGLE (Line Drive, 4D, EV 97.5 MPH)
José Labandeira scores
Chad Holland to third
Michael Hawk to second
Batting: RHB Albert Monday 0-0: Ball
1-0: DOUBLE (Line Drive, 8RXD, EV 109.4 MPH)
Chad Holland scores
Michael Hawk scores
Christian Karembeu to third
Runner from 3rd tries for Home, SAFE, throw by CF to home
Batting: RHB Bob Clark 0-0: Ball
1-0: Ground out 4-3 (Groundball, 4, EV 100.0 MPH)
Albert Monday to third
Batting: RHB Jae-keol Om 0-0: Ground out 1-3 (Groundball, 13, EV 83.1 MPH)
Bottom of the 2nd over - 4 runs, 4 hits, 0 errors, 1 left on base; Ellesmere Island 1 - Montgomery 5
TOP OF THE 3RD
Ellesmere Island Snowpeople batting - Pitching for Montgomery Biscuits : RHP Randy Smith
Batting: RHB Donald White 0-0: Called Strike
0-1: Ball
1-1: Fly out, F9 (Flyball, 9, EV 91.2 MPH)
Batting: RHB Ramón Rodríguez 0-0: Called Strike
0-1: Ball
1-1: Called Strike
1-2: Ball
2-2: Strikes out swinging
Batting: LHB James Moya 0-0: Swinging Strike
0-1: Called Strike
0-2: Ball
1-2: Strikes out swinging
Top of the 3rd over - 0 runs, 0 hits, 0 errors, 0 left on base; Ellesmere Island 1 - Montgomery 5
BOTTOM OF THE 3RD
Montgomery Biscuits batting - Pitching for Ellesmere Island Snowpeople : RHP Ki-seop Ch'oe
Batting: LHB Juan Martínez 0-0: Ball
1-0: Ground out 4-3 (Groundball, 4, EV 101.9 MPH)
Batting: RHB José Labandeira 0-0: Ball
1-0: Ball
2-0: Ball
3-0: Called Strike
3-1: Swinging Strike
3-2: Foul Ball, location: 2F
3-2: Fly out, F7 (Flyball, 7, EV 91.2 MPH)
Batting: RHB Chad Holland 0-0: Ball
1-0: Swinging Strike
1-1: Ball
2-1: Foul Ball, location: 2F
2-2: Foul Ball, location: 2F
2-2: Ball
3-2: Hit by Pitch
Batting: LHB Jacob Hall 0-0: Fly out, F9 (Flyball, 9S, EV 95.6 MPH)
Bottom of the 3rd over - 0 runs, 0 hits, 0 errors, 1 left on base; Ellesmere Island 1 - Montgomery 5
TOP OF THE 4TH
Ellesmere Island Snowpeople batting - Pitching for Montgomery Biscuits : RHP Randy Smith
Batting: RHB Ron Jackson 0-0: Ball
1-0: Foul Ball, location: 2F
1-1: Ball
2-1: Called Strike
2-2: Foul Ball, location: 2F
2-2: Strikes out swinging
Batting: RHB Frank Steeneveld 0-0: Swinging Strike
0-1: SINGLE (Groundball, 56, EV 83.8 MPH) (infield hit)
Batting: RHB Ramón Rodríguez 0-0: Ball
1-0: Foul Ball, location: 2F
1-1: Foul Ball, location: 2F
1-2: Ball
2-2: Foul Ball, location: 2F
2-2: Ball
3-2: Fielders Choice at 2nd, 5-4 (Groundball, 56, EV 102.5 MPH)
Batting: RHB Howard Moore 0-0: Called Strike
0-1: Ball
1-1: Ball
2-1: Called Strike
2-2: Foul Ball, location: 2F
2-2: Strikes out swinging
Top of the 4th over - 0 runs, 1 hit, 0 errors, 1 left on base; Ellesmere Island 1 - Montgomery 5
BOTTOM OF THE 4TH
Montgomery Biscuits batting - Pitching for Ellesmere Island Snowpeople : RHP Ki-seop Ch'oe
Batting: RHB Michael Hawk 0-0: Called Strike
0-1: Foul Ball, location: 2F
0-2: Strikes out swinging
Batting: RHB Christian Karembeu 0-0: Hit by Pitch
Batting: RHB Albert Monday 0-0: Called Strike
0-1: Ball
1-1: Fly out, F9 (Flyball, 9, EV 77.5 MPH)
Batting: RHB Bob Clark 0-0: Ball
1-0: Ball
2-0: Ball
3-0: Called Strike
3-1: Swinging Strike
3-2: Strikes out swinging
Bottom of the 4th over - 0 runs, 0 hits, 0 errors, 1 left on base; Ellesmere Island 1 - Montgomery 5
TOP OF THE 5TH
Ellesmere Island Snowpeople batting - Pitching for Montgomery Biscuits : RHP Randy Smith
Batting: RHB Red Greene 0-0: Ball
1-0: Fly out, F9 (Line Drive, 9, EV 99.4 MPH)
Batting: SHB Clive Edney 0-0: Called Strike
0-1: Foul Ball, location: 2F
0-2: Ball
1-2: Fly out, F4 (Line Drive, 4, EV 75.0 MPH)
Batting: RHB Donald White 0-0: Ball
1-0: Called Strike
1-1: Foul Ball, location: 2F
1-2: Ball
2-2: Ball
3-2: Foul Ball, location: 2F
3-2: Ground out 1-3 (Groundball, 15S, EV 73.8 MPH)
Top of the 5th over - 0 runs, 0 hits, 0 errors, 0 left on base; Ellesmere Island 1 - Montgomery 5
BOTTOM OF THE 5TH
Montgomery Biscuits batting - Pitching for Ellesmere Island Snowpeople : RHP Ki-seop Ch'oe
Batting: RHB Jae-keol Om 0-0: Called Strike
0-1: Ball
1-1: Foul Ball, location: 2F
1-2: Strikes out swinging
Batting: LHB Juan Martínez 0-0: Ball
1-0: DOUBLE (Flyball, 8RXD, EV 111.9 MPH)
Batting: RHB José Labandeira 0-0: Swinging Strike
0-1: Swinging Strike
0-2: Ball
1-2: Strikes out looking
Batting: RHB Chad Holland 0-0: SINGLE (Groundball, 56D, EV 101.2 MPH)
Juan Martínez to third
Runner from 3rd tries for Home, SAFE, throw by LF to home
Batting: LHB Jacob Hall 0-0: TRIPLE (Flyball, 89XD, EV 96.2 MPH)
Chad Holland scores
Batting: RHB Michael Hawk 0-0: Ball
1-0: Called Strike
1-1: Foul Ball, location: 2F
1-2: Foul Ball, location: 2F
1-2: Fly out, F5 (Popup, 5SF, EV 71.2 MPH)
Bottom of the 5th over - 2 runs, 3 hits, 0 errors, 1 left on base; Ellesmere Island 1 - Montgomery 7
TOP OF THE 6TH
Ellesmere Island Snowpeople batting - Pitching for Montgomery Biscuits : RHP Randy Smith
Pitching: LHP Ye Zhou
Batting: RHB Ramón Rodríguez 0-0: Ball
1-0: Fly out, F8 (Flyball, 8LM, EV 84.4 MPH)
Batting: LHB James Moya 0-0: Foul Ball, location: 2F
0-1: Ball
1-1: Foul Ball, location: 2F
1-2: Foul Ball, location: 2F
1-2: Strikes out swinging
Batting: RHB Ron Jackson 0-0: Called Strike
0-1: Ball
1-1: DOUBLE (Line Drive, 89M, EV 100.0 MPH)
Pitching: RHP Jason Stevens
Batting: RHB Frank Steeneveld 0-0: Ball
1-0: Foul Ball, location: 2F
1-1: Fly out, F9 (Flyball, 89M, EV 86.2 MPH)
Top of the 6th over - 0 runs, 1 hit, 0 errors, 1 left on base; Ellesmere Island 1 - Montgomery 7
BOTTOM OF THE 6TH
Montgomery Biscuits batting - Pitching for Ellesmere Island Snowpeople : RHP Ki-seop Ch'oe
Batting: RHB Christian Karembeu 0-0: Ball
1-0: Foul Ball, location: 2F
1-1: TRIPLE (Flyball, 89XD, EV 91.9 MPH)
Batting: RHB Albert Monday 0-0: SINGLE (Groundball, 4S, EV 75.6 MPH) (infield hit)
Christian Karembeu scores
Pitching: RHP Rob O'Brien
Batting: RHB Bob Clark 0-0: Called Strike
0-1: Ball
1-1: Called Strike
1-2: Ball
2-2: Foul Ball, location: 2F
2-2: Strikes out swinging
Batting: RHB Jae-keol Om 0-0: Ball
1-0: Called Strike
1-1: Called Strike
1-2: Ball
2-2: Ball
3-2: Foul Ball, location: 2F
3-2: Strikes out swinging
Batting: LHB Juan Martínez 0-0: Foul Ball, location: 2F
0-1: Ball
1-1: Swinging Strike
1-2: Fly out, F6 (Popup, 6, EV 60.0 MPH)
Bottom of the 6th over - 1 run, 2 hits, 0 errors, 1 left on base; Ellesmere Island 1 - Montgomery 8
TOP OF THE 7TH
Ellesmere Island Snowpeople batting - Pitching for Montgomery Biscuits : RHP Jason Stevens
Batting: RHB Ramón Rodríguez 0-0: Called Strike
0-1: Called Strike
0-2: Ball
1-2: Ball
2-2: Strikes out swinging
Batting: RHB Howard Moore 0-0: Called Strike
0-1: Called Strike
0-2: Strikes out swinging
Batting: RHB Red Greene 0-0: Called Strike
0-1: Ball
1-1: Called Strike
1-2: Foul Ball, location: 2F
1-2: Ball
2-2: Ball
3-2: DOUBLE (Flyball, 8RXD, EV 110.0 MPH)
Pinch Hitting: RHB Sergio Herrera 0-0: Called Strike
0-1: Swinging Strike
0-2: Foul Ball, location: 2F
0-2: Ball
1-2: Ball
2-2: Foul Ball, location: 2F
2-2: Foul Ball, location: 2F
2-2: Foul Ball, location: 2F
2-2: Foul Ball, location: 2F
2-2: Strikes out swinging
Top of the 7th over - 0 runs, 1 hit, 0 errors, 1 left on base; Ellesmere Island 1 - Montgomery 8
BOTTOM OF THE 7TH
Montgomery Biscuits batting - Pitching for Ellesmere Island Snowpeople : RHP Rob O'Brien
Now in LF: Marvin Moore
Pinch Hitting: RHB Scotty Greene 0-0: Called Strike
0-1: Ball
1-1: Called Strike
1-2: Ball
2-2: Ball
3-2: Strikes out swinging
Batting: RHB Chad Holland 0-0: Foul Ball, location: 2F
0-1: Called Strike
0-2: Strikes out swinging
Batting: LHB Jacob Hall 0-0: Ball
1-0: Called Strike
1-1: Ground out U3 (Groundball, 34, EV 91.9 MPH)
Bottom of the 7th over - 0 runs, 0 hits, 0 errors, 0 left on base; Ellesmere Island 1 - Montgomery 8
TOP OF THE 8TH
Ellesmere Island Snowpeople batting - Pitching for Montgomery Biscuits : RHP Jason Stevens
Now at 1B: Tsing Yo
Batting: RHB Donald White 0-0: Foul Ball, location: 2F
0-1: Swinging Strike
0-2: Strikes out swinging
Batting: RHB Ramón Rodríguez 0-0: Ball
1-0: Ball
2-0: Called Strike
2-1: SINGLE (Groundball, 6D, EV 106.2 MPH)
Batting: LHB James Moya 0-0: Ball
1-0: Ball
2-0: Called Strike
2-1: Swinging Strike
2-2: Foul Ball, location: 2F
2-2: Ball
3-2: Base on Balls
Ramón Rodríguez to second
Batting: RHB Ron Jackson 0-0: Ball
1-0: Foul Ball, location: 2F
1-1: Foul Ball, location: 2F
1-2: Foul Ball, location: 2F
1-2: Ball
2-2: Ball
3-2: Base on Balls
Ramón Rodríguez to third
James Moya to second
Pitching: LHP Nicolas Cernin
Batting: RHB Frank Steeneveld 0-0: Ball
1-0: Foul Ball, location: 2F
1-1: Foul Ball, location: 2F
1-2: Strikes out looking
Batting: RHB Ramón Rodríguez 0-0: Ball
1-0: Foul Ball, location: 2F
1-1: Called Strike
1-2: SINGLE (Line Drive, 34D, EV 102.5 MPH)
Ramón Rodríguez scores
James Moya to third
Ron Jackson to second
Batting: RHB Howard Moore 0-0: Ball
1-0: Ball
2-0: Ball
3-0: Called Strike
3-1: Base on Balls
James Moya scores
Ron Jackson to third
Ramón Rodríguez to second
Batting: RHB Red Greene 0-0: Ball
1-0: Ball
2-0: Ball
3-0: Called Strike
3-1: Foul Ball, location: 2F
3-2: Strikes out swinging
Top of the 8th over - 2 runs, 2 hits, 0 errors, 3 left on base; Ellesmere Island 3 - Montgomery 8
BOTTOM OF THE 8TH
Montgomery Biscuits batting - Pitching for Ellesmere Island Snowpeople : RHP Rob O'Brien
Batting: RHB Michael Hawk 0-0: Foul Ball, location: 2F
0-1: Ball
1-1: Ball
2-1: Ball
3-1: Fly out, F7 (Flyball, 7S, EV 85.0 MPH)
Batting: RHB Christian Karembeu 0-0: Called Strike
0-1: Ball
1-1: Ball
2-1: Foul Ball, location: 2F
2-2: Ground out 1-3 (Groundball, 13S, EV 70.0 MPH)
Batting: RHB Albert Monday 0-0: Swinging Strike
0-1: Foul Ball, location: 2F
0-2: Ball
1-2: Strikes out swinging
Bottom of the 8th over - 0 runs, 0 hits, 0 errors, 0 left on base; Ellesmere Island 3 - Montgomery 8
TOP OF THE 9TH
Ellesmere Island Snowpeople batting - Pitching for Montgomery Biscuits : LHP Nicolas Cernin
Batting: LHB Marvin Moore 0-0: Called Strike
0-1: Ball
1-1: Called Strike
1-2: Strikes out swinging
Batting: RHB Donald White 0-0: Ground out 6-3 (Groundball, 6S, EV 88.1 MPH)
Batting: RHB Ramón Rodríguez 0-0: Ball
1-0: Swinging Strike
1-1: Ball
2-1: Fly out, F7 (Flyball, 78S, EV 89.4 MPH)
Top of the 9th over - 0 runs, 0 hits, 0 errors, 0 left on base; Ellesmere Island 3 - Montgomery 8
Friday, March 26th, 2021 - OOTP Baseball 20.8 Build 74